 Dungeon Crawl Stone Soup version 0.23.1 (webtiles) character file.

Game seed: 17753068764319265900

36 Borgoz the Sneak (level 3, -3/27 HPs)
             Began as a Ghoul Enchanter on Mar 3, 2019.
             Slain by a worm (11 damage)
             ... on level 2 of the Dungeon.
             The game lasted 00:02:17 (1299 turns).

Borgoz the Sneak (Ghoul Enchanter)                  Turns: 1299, Time: 00:02:17

Health: -3/27      AC:  2    Str: 11    XL:     3   Next: 37%
Magic:  4/4        EV: 12    Int: 10    God:
Gold:   120        SH:  0    Dex: 10    Spells: 4/5 levels left

rFire    . . .     SeeInvis .   a - +1 dagger
rCold    + . .     Gourm    .   (no shield)
rNeg     + + +     Faith    .   b - +0 robe
rPois    ∞         Spirit   .   (no helmet)
rElec    .         Reflect  .   (no cloak)
rCorr    .         Harm     .   (no gloves)
MR       .....                  (no boots)
Stlth    ++........             (no amulet)
HPRegen  0.00/turn              (no ring)
MPRegen  0.09/turn              (no ring)

@: rotting
A: rotting body, claws 1, carnivore, cold resistance 1, negative energy
resistance 3, inhibited regeneration, torment resistance, unbreathing
a: no special abilities


You were on level 2 of the Dungeon.
You were not hungry.

You visited 1 branch of the dungeon, and saw 2 of its levels.

You collected 120 gold pieces.

Inventory:

Hand Weapons
 a - a +1 dagger (weapon)
Missiles
 f - 17 poisoned needles
 h - 3 javelins (quivered)
Armour
 b - a +0 robe (worn)
 c - a cursed +0 helmet
Jewellery
 l - a +3 ring of protection {unknown}
Scrolls
 e - 2 scrolls of remove curse {unknown}
 m - a scroll of blinking {unknown}
 n - a scroll of fear {unknown}
Potions
 g - 2 potions of curing {unknown}
 i - a potion of might {unknown}
 k - a potion of degeneration {unknown}
Comestibles
 d - 5 rations
 j - 3 chunks of flesh


   Skills:
 + Level 0.9 Fighting
 * Level 1.7 Short Blades
 + Level 0.8 Armour
 * Level 2.4 Dodging
 - Level 3.2 Stealth
 - Level 1.7 Spellcasting
 - Level 2.4 Hexes


You had 4 spell levels left.
You knew the following spells:

 Your Spells              Type           Power        Failure   Level  Hunger
a - Corona                Hex            #......      12%         1    ##.....

Your spell library contained the following spells:

 Spells                   Type           Power        Failure   Level  Hunger
 Ensorcelled Hibernation  Hex/Ice        #.....       30%         2    ###....
 Confuse                  Hex            #.......     34%         3    ####...
 Tukima's Dance           Hex            #.......     34%         3    ####...
 Dazzling Spray           Conj/Hex       #.....       52%         3    ####...


Dungeon Overview and Level Annotations

Branches:
Dungeon (2/15)

Altars:


Innate Abilities, Weirdness & Mutations

Your body is rotting away.
You thrive on raw meat.
You are immune to poison.
You have sharp fingernails.
You are carnivorous and can eat meat at any time.
Your flesh is cold resistant. (rC+)
You are immune to negative energy. (rN+++)
You do not regenerate when monsters are visible.
You are immune to unholy pain and torment.
You can survive without breathing.


Message History

The hobgoblin hits you but does no damage.
You closely miss the hobgoblin.
The hobgoblin is moderately wounded.
The hobgoblin hits you but does no damage.
You closely miss the hobgoblin.
The hobgoblin is moderately wounded.
The hobgoblin hits you but does no damage.
You closely miss the hobgoblin.
The hobgoblin is moderately wounded.
You hit the hobgoblin.
You kill the hobgoblin!
The worm barely misses you.
Items here: ) [ †† a +0 club; a +0 ring mail; a hobgoblin corpse; a kobold corpse You barely miss the worm.
The worm bites you!
* * * LOW HITPOINT WARNING * * *
Butcher a hobgoblin corpse? [(y)es/(n)o/(a)ll/(q)uit/?]
You butcher the hobgoblin corpse.
You butcher the kobold corpse.
The worm bites you!
You die...

.# .#### ..#.$ .# $..#
#.#.# .# #.######.#.#
.## #.......... .. ####
###÷.###..).# .#.....
.........#.######.......
...<..#.##......@w#
..............###.#
.....####......# .#
.....# ####.#..#.#
.....# #.##...# .....#
#.# #..# ...<.# #.# ###
###### #.# ###


You could see a worm.

Vanquished Creatures
  A worm (D:2)
  A dart slug (D:1)
  A leopard gecko (D:1)
  A giant cockroach (D:2)
  A goblin (D:1)
  4 hobgoblins
  4 jackals (D:1)
  3 kobolds
  4 bats
  3 frilled lizards (D:1)
  5 rats (D:1)
28 creatures vanquished.

Notes
Turn   | Place    | Note
-------+----------+-------------------------------------------
     0 | D:1      | Borgoz the Ghoul Enchanter began the quest for the Orb.
     0 | D:1      | Reached XP level 1. HP: 14/14 MP: 2/2
   151 | D:1      | Reached skill level 1 in Short Blades
   551 | D:1      | Reached XP level 2. HP: 22/22 MP: 3/3
   657 | D:1      | HP: 1/22 [hobgoblin (4)]
  1071 | D:1      | Reached XP level 3. HP: 24/27 MP: 4/4
  1299 | D:2      | Slain by a worm

Skill      XL: |  1 |
---------------+----+-----
Short Blades   | 1 |  1.7
Dodging        | 2 |  2.4
Fighting       | |  0.9
Armour         | |  0.8
Stealth        | |  3.2
Spellcasting   | |  1.7
Hexes          | |  2.4

Action                   || total
-------------------------++-------
Melee: Dagger            ||   130
 Stab: Sleeping          ||     6
  Eat: Chunk             ||    17
Armor: Robe              ||    22
Dodge: Dodged            ||    72
